 Dungeon Crawl Stone Soup version 0.27-a0-1196-g3e9cee4cb2 (webtiles) character file.

Game seed: 6611330350848277355

3433 EldarEldrad the Cleaver (level 10, -3/77 HPs)
             Began as a Hill Orc Fighter on May 27, 2021.
             Was a Believer of Zin.
             Slain by a death yak (16 damage)
             ... on level 7 of the Dungeon.
             The game lasted 00:33:19 (8126 turns).

EldarEldrad the Cleaver (Hill Orc Fighter)          Turns: 8126, Time: 00:33:19

Health: -3/77      AC: 14    Str: 22    XL:     10   Next: 5%
Magic:  10/10      EV:  7    Int:  8    God:    Zin [**....]
Gold:   244        SH:  9    Dex: 11    Spells: 9/9 levels left

rFire    + . .     SeeInvis .   a - +0 war axe
rCold    . . .     Faith    .   p - +0 buckler
rNeg     . . .     Spirit   .   f - +0 plate armour
rPois    .         Reflect  +   (no helmet)
rElec    .         Harm     .   (no cloak)
rCorr    .         Rampage  .   (no gloves)
Will     .....                  (no boots)
Stlth    ..........             r - amulet of reflection
HPRegen  0.22/turn              o - ring of protection from fire
MPRegen  0.12/turn              (no ring)

@: no status effects
A: no striking features
a: Renounce Religion, Recite, Vitalisation, Donate Gold


You were on level 7 of the Dungeon.
You worshipped Zin.
Zin was pleased with you.
You visited 2 branches of the dungeon, and saw 9 of its levels.

You collected 271 gold pieces.
You donated 27 gold pieces to Zin.

Inventory:

Hand Weapons
 a - a +0 war axe (weapon)
 b - a +0 mace
Missiles
 e - 23 poisoned darts (quivered)
Armour
 c - a +0 kite shield
 f - a +0 plate armour (worn)
 p - a +0 buckler (worn)
Jewellery
 j - a ring of magical power
 o - a ring of protection from fire (left hand)
 r - an amulet of reflection (around neck)
 s - an amulet of magic regeneration
 w - a ring of ice
Scrolls
 d - a scroll of amnesia
 k - 2 scrolls of noise
 l - a scroll of vulnerability {unknown}
 m - a scroll of teleportation {unknown}
 n - a scroll of enchant armour {unknown}
 v - a scroll of magic mapping
Potions
 g - a potion of attraction
 i - 4 potions of flight
 q - a potion of heal wounds
 u - a potion of lignification
 x - a potion of cancellation
 z - a potion of brilliance {unknown}


   Skills:
 - Level 3.6 Fighting
 * Level 14.3 Axes
 + Level 9.4 Armour
 - Level 3.2 Shields


You had 9 spell levels left.
You didn't know any spells.
Your spell library contained the following spells:

 Spells                   Type           Power      Damage    Failure   Level
 Animate Skeleton         Necr           0%         N/A       100%        1
 Apportation              Tloc           0%         N/A       100%        1
 Corona                   Hex            0%         N/A       100%        1
 Freeze                   Ice            0%         1d3       100%        1
 Summon Small Mammal      Summ           0%         N/A       100%        1
 Frozen Ramparts          Ice            0%         1d2       100%        3
 Ozocubu's Armour         Ice            0%         N/A       100%        3
 Hailstorm                Conj/Ice       0%         3d3       100%        4
 Metabolic Englaciation   Hex/Ice        0%         N/A       100%        5


Dungeon Overview and Level Annotations

Branches:
Dungeon (8/15)             Temple (1/1) D:5
   Lair: D:8-11

Altars:
Cheibriados
Dithmenos
Elyvilon
Fedhas
Gozag
Hepliaklqana
Kikubaaqudgha
Nemelex Xobeh
Okawaru
Ru
Uskayaw
Vehumet
Xom
Yredelemnul
Zin

Annotations:
D:3 1 runed translucent door
D:7 Harold, boulder, Harold


Message History

You slash the death yak!
The death yak is moderately wounded.
You block the death yak's attack.
You barely miss the death yak.
The death yak is moderately wounded.
The death yak gores you but does no damage.
The death yak gores you!
You climb upwards.
Level annotation: Harold, boulder, Harold
There is a stone staircase leading down, spattered with blood here.
You hit the death yak.
The death yak is moderately wounded.
The death yak looks more healthy.
You block the death yak's attack.
You slash the death yak!
The death yak is heavily wounded.
The death yak gores you!
You hit the death yak but do no damage.
The death yak is heavily wounded.
You barely miss the death yak.
The death yak is heavily wounded.
The death yak gores you but does no damage.
You slash the death yak!
The death yak is severely wounded.
The death yak gores you!!
You barely miss the death yak.
The death yak is severely wounded.
You block the death yak's attack.
You barely miss the death yak.
The death yak is severely wounded.
You hit the death yak.
The death yak is severely wounded.
The death yak gores you but does no damage.
You barely miss the death yak.
The death yak is severely wounded.
The death yak gores you!
* * * LOW HITPOINT WARNING * * *
You hit the death yak.
The death yak is severely wounded.
The death yak gores you!
You die...

######## .......#
#####################
.......###.....÷.............#
.......'.......÷@###########.#
.......###......Y# #.#
.......########### #.#
..............# ####.#
###.......##### #....#
.......<..'.# #.#..#
..........#(# #.#..#
#..#......#.# #.#..#
#..#+##.#.#.# #.#..#


You could see a death yak.

Vanquished Creatures
  A death yak (D:7)
  Pikel (D:4)
  Joseph (D:7)
  Sigmund (D:4)
  2 steam dragons
  A water moccasin (D:4)
  An orc warrior (D:4)
  A sky beast (D:5)
  An ice beast (D:6)
  A black bear (D:6)
  A necrophage (D:6)
  2 ogres
  3 scorpions
  A water moccasin skeleton (D:5)
  A wight (D:8)
  2 hounds
  A centaur skeleton (D:7)
  An orc priest (D:5)
  A bullfrog skeleton (D:6)
  A jelly (D:4)
  An iguana (D:6)
  4 orc wizards
  A hell rat (D:7)
  A killer bee zombie (D:8)
  4 gnolls (D:3)
  10 adders
  2 river rats (D:8)
  An ufetubus (D:6)
  2 worms (D:2)
  4 dart slugs
  5 orcs
  4 endoplasms
  A giant cockroach (D:2)
  3 goblins
  8 hobgoblins
  6 jackals (D:2)
  12 kobolds
  10 quokkas
  8 ball pythons
  8 bats
  2 frilled lizards
  6 rats
128 creatures vanquished.

Notes
Turn   | Place    | Note
-------+----------+-------------------------------------------
     0 | D:1      | EldarEldrad the Hill Orc Fighter began the quest for the
                  | Orb.
     0 | D:1      | Reached XP level 1. HP: 19/19 MP: 1/1
    74 | D:1      | Reached skill level 3 in Axes
   185 | D:1      | Reached XP level 2. HP: 25/26 MP: 2/2
   635 | D:1      | Reached skill level 4 in Axes
   680 | D:1      | Reached XP level 3. HP: 29/31 MP: 3/3
  1233 | D:1      | HP: 1/31 [poisoned by an adder]
  1625 | D:2      | You fall into a shaft and drop 2 floors!
  1769 | D:4      | Noticed Pikel
  1769 | D:4      | Noticed a lemure
  1769 | D:4      | Noticed a lemure
  1769 | D:4      | Noticed a lemure
  1769 | D:4      | Noticed a lemure
  1783 | D:4      | HP: 1/31 [Pikel/+1 whip of flaming (2)]
  1786 | D:4      | Killed Pikel
  1787 | D:4      | Reached skill level 8 in Axes
  1787 | D:4      | Reached skill level 5 in Armour
  1787 | D:4      | Reached XP level 4. HP: 2/39 MP: 4/4
  1787 | D:4      | Reached XP level 5. HP: 2/45 MP: 5/5
  1787 | D:4      | Reached XP level 6. HP: 3/51 MP: 6/6
  1787 | D:4      | Reached XP level 7. HP: 3/57 MP: 7/7
  2385 | D:2      | Found a faded altar of an unknown god.
  2834 | D:3      | Found a runed translucent door.
  2834 | D:3      | Noticed a human
  2991 | D:3      | Found a basalt altar of Yredelemnul.
  3076 | D:3      | Reached skill level 9 in Axes
  3858 | D:4      | Noticed Sigmund
  3965 | D:4      | Killed Sigmund
  3966 | D:4      | Reached skill level 10 in Axes
  3966 | D:4      | Reached XP level 8. HP: 31/64 MP: 8/8
  4682 | D:5      | Entered Level 5 of the Dungeon
  4789 | D:5      | Found a white marble altar of Elyvilon.
  4958 | D:5      | Found a shadowy altar of Dithmenos.
  5000 | D:5      | Found a sparkling altar of Nemelex Xobeh.
  5063 | D:5      | Found an iron altar of Okawaru.
  5366 | D:4      | Reached skill level 11 in Axes
  5871 | D:5      | Found a staircase to the Ecumenical Temple.
  5914 | Temple   | Entered the Ecumenical Temple
  5982 | Temple   | Became a worshipper of Zin the Law-Giver
  5982 | Temple   | Reached * piety under Zin
  6093 | D:6      | Reached XP level 9. HP: 14/70 MP: 9/9
  6668 | D:6      | Reached skill level 12 in Axes
  7032 | D:6      | Reached ** piety under Zin
  7322 | D:7      | Noticed a boulder beetle
  7423 | D:7      | Noticed Joseph
  7443 | D:7      | Killed Joseph
  7444 | D:7      | Reached skill level 13 in Axes
  7630 | D:7      | Noticed Harold
  7790 | D:8      | Noticed a death yak
  7795 | D:8      | Noticed a death yak
  7876 | D:7      | Killed a death yak
  7877 | D:7      | Reached skill level 14 in Axes
  7877 | D:7      | Reached XP level 10. HP: 40/77 MP: 10/10
  8112 | D:8      | Noticed a death yak
  8126 | D:7      | Slain by a death yak

Illustrated notes

Levels and vault maps discovered:
D:1:      ncdulo_smallfort, layout_basic
D:2:      layout_rooms, hellmonk_ecumenical_altar_heavens_door
D:3:      layout_loops_ring, dk_yredelemnul_ordeal
D:4:      layout_gridville, uniq_sigmund, uniq_pikel
D:5:      layout_basic, nicolae_overflow_crystal_walls, grunt_dithmenos_smoke,
          nemelex_spade_bored_becter, elyvilon_altar_5,
          minmay_temple_entry_nine_rooms
D:6:      layout_basic, eino_tiny_chamber, grunt_decor_junction
D:7:      kennysheep_six_static_rooms, layout_basic, lemuel_tele_altar,
          bloody_trog, marbit_many_paths, serial_shops, shop,
          minmay_fractal_squares_5, uniq_harold, uniq_joseph
D:8:      layout_basic, dpeg_lair_monsters
Temple:   eino_temple_lava

Skill      XL: |  1  2  3  4  5  6  7  8  9 |
---------------+----------------------------+-----
Axes           | 3 4 8 10 11 14 | 14.3
Armour         | 5 6 7 9 |  9.4
Fighting       | |  3.6
Shields        | |  3.2

Action                   |  1- 3 |  4- 6 |  7- 9 | 10-12 || total
-------------------------+-------+-------+-------+-------++-------
Melee: War axe           |    60 |       |   415 |    24 ||   499
       Hand axe          |    44 |       |       |       ||    44
Throw: Dart              |       |       |       |     1 ||     1
Evoke: Wand              |       |       |     8 |       ||     8
  Use: Potion            |     1 |       |     4 |       ||     5
       Scroll            |       |       |     9 |       ||     9
 Stab: Paralysed         |       |       |     3 |       ||     3
Armor: Scale mail        |    44 |       |    72 |       ||   116
       Chain mail        |       |       |    18 |       ||    18
       Plate armour      |       |       |    53 |     5 ||    58
Dodge: Dodged            |    52 |       |   102 |     4 ||   158
Block: Buckler           |     5 |       |   127 |     4 ||   136
       Reflection        |       |       |     3 |       ||     3

Table legend: (Time is in decaauts)
 A = Elapsed time spent in this place.
 B = Non-inter-level travel time spent in this place.
 C = Inter-level travel time spent in this place.
 D = Time resting spent in this place.
 E = Time spent auto-exploring this place.
 F = Levels seen in this place.
 G = Mean time per level.
                   A        B        C        D        E       F      G
               +--------+--------+--------+--------+--------+-----+--------+
         Total |   8128 |   7797 |    331 |   2734 |   3254 |   9 |  903.1 |
       Dungeon |   8050 |   7727 |    323 |   2734 |   3188 |   8 | 1006.2 |
        Temple |     77 |     69 |      8 |      0 |     66 |   1 |   77.0 |
               +--------+--------+--------+--------+--------+-----+--------+

Top non-repeatable levels by time:
     D:4: 1682 daAuts
     D:1: 1529 daAuts
     D:6: 1354 daAuts
     D:3: 1057 daAuts
     D:5: 1021 daAuts
     D:2: 711 daAuts
     D:7: 605 daAuts
     D:8: 89 daAuts
  Temple: 77 daAuts
